 Dungeon Crawl Stone Soup version 0.29.1-15-g9cfb28693d (webtiles) character file.

Game seed: 50144277664550078

3412 Pooter the Cleaver (level 9, -4/81 HPs)
             Began as a Minotaur Berserker on Apr 14, 2023.
             Was an Elder of Trog.
             Slain by an acid dragon (9 damage)
             ... on level 8 of the Dungeon on Apr 17, 2023.
             The game lasted 00:30:14 (7785 turns).

Pooter the Cleaver (Minotaur Berserker)             Turns: 7785, Time: 00:30:15

Health: -4/81      AC:  4    Str: 26    XL:     9   Next: 76%
Magic:  8/8        EV:  9    Int:  4    God:    Trog [****..]
Gold:   516        SH:  0    Dex: 18    Spells: 8/8 levels left

rFire   . . .      SeeInvis +   a - +0 broad axe
rCold   . . .      Faith    .   (no shield)
rNeg    . . .      Spirit   .   y - +1 chain mail of Moral Flaws {Dex+2}
rPois   .          Reflect  .   (helmet restricted)
rElec   .          Harm     .   m - +0 cloak
rCorr   .          Rampage  .   J - +0 pair of gloves
Will    .....                   (no boots)
Stlth   ..........              (no amulet)
HPRegen 0.23/turn               D - +6 ring of dexterity
MPRegen 0.11/turn               v - ring of see invisible

@: corroded
A: horns 2, retaliatory headbutt
a: Renounce Religion, Berserk, Trog's Hand, Brothers in Arms


You were on level 8 of the Dungeon.
You worshipped Trog.
Trog was greatly pleased with you.
You visited 1 branch of the dungeon, and saw 8 of its levels.

You collected 516 gold pieces.


Innate Abilities, Weirdness & Mutations

You have a pair of horns on your head.
You reflexively headbutt those who attack you in melee.


   Skills:
 + Level 7.8 Fighting
 * Level 9.2(9.7) Axes
 - Level 4.3(7.3) Maces & Flails
 * Level 8.0 Ranged Weapons
 - Level 2.4 Armour
 - Level 2.1 Dodging
 * Level 5.7 Evocations


You had 8 spell levels left.
You didn't know any spells.
Your spell library was empty.

Inventory:

Hand Weapons
 a - a +0 broad axe (weapon)
 b - a +0 arbalest
 i - a +0 hand axe
 q - a +0 morningstar
 B - a +0 dire flail
 C - a +0 vorpal halberd
Missiles
 k - 62 stones (quivered)
 r - 16 poisoned darts
 H - a curare-tipped dart {=f}
 K - 4 boomerangs
 P - a throwing net {=f}
Armour
 m - a +0 cloak (worn)
 y - the +1 chain mail of Moral Flaws (worn) {Dex+2}
   (You found it on level 4 of the Dungeon)

   Dex:       It affects your dexterity (+2).
 J - a +0 pair of gloves (worn)
 M - a +0 pair of boots
Jewellery
 v - a ring of see invisible (right hand)
 D - a +6 ring of dexterity (left hand)
 F - a ring of fire
 N - a ring of positive energy
 Q - an amulet of faith {!P}
 R - a ring of resist corrosion
 T - a +4 ring of protection
Wands
 l - a wand of mindburst (13)
 z - a wand of roots (11)
Scrolls
 d - a scroll of noise {!r}
 e - 3 scrolls of brand weapon {unknown}
 g - a scroll of blinking {unknown}
 h - 3 scrolls of enchant weapon {unknown}
 j - 4 scrolls of teleportation {@r4}
 s - 4 scrolls of vulnerability {unknown}
 u - a scroll of poison {unknown}
 w - a scroll of acquirement {unknown}
 x - a scroll of summoning {unknown}
 I - a scroll of identify {@r1}
 L - a scroll of immolation {unknown}
 O - a scroll of teleportation {@r2}
Potions
 c - 4 potions of might
 f - 3 potions of curing {@q1}
 n - a potion of resistance {unknown}
 o - a potion of invisibility {unknown}
 p - 2 potions of brilliance {unknown}
 t - 3 potions of flight {unknown}
 A - 2 potions of heal wounds {unknown}
 E - a potion of ambrosia {unknown}
 G - 2 potions of lignification {unknown}

Dungeon Overview and Level Annotations

Branches:
Dungeon (8/15)             Temple (0/1) D:6
   Lair: D:8-11

Altars:
Dithmenos
Vehumet

... .#..........
........... .........##
.......... #........##
..........# ##....#.#.
......#..#.# #.#...#...
.........##.##.##.......
........##.#..#.##......
......D.##.#..#.##......
.......@.##.##.##.......
.........#.#..#.#...#...
.......†..######....#...
............##......#...
........................
........###........##...
.###.#### #.............
#. ................. .
................#.


You could see an acid dragon.


Message History

* * * LOW HITPOINT WARNING * * *
The acid dragon misses you.
You are too injured to fight recklessly!
You hit the acid dragon but do no damage.
The acid dragon spits acid at you. The splash of acid hits you!!
* * * LOW HITPOINT WARNING * * *
The acid corrodes you!
You hit the acid dragon but do no damage.
You punch the acid dragon, but do no damage.
The acid dragon barely misses you. x2
You barely miss the acid dragon.
You headbutt the acid dragon, but do no damage.
The acid dragon bites you!
* * * LOW HITPOINT WARNING * * *
The acid dragon closely misses you.
You hit the acid dragon. Your headbutt misses the acid dragon.
The acid dragon is lightly wounded.
The acid dragon bites you but does no damage.
The acid dragon claws you.
* * * LOW HITPOINT WARNING * * *
You hit the acid dragon but do no damage.
You headbutt the acid dragon.
The acid dragon is moderately wounded.
The acid dragon barely misses you. The acid dragon claws you.
* * * LOW HITPOINT WARNING * * *
You barely miss the acid dragon. You headbutt the acid dragon.
The acid dragon is moderately wounded.
The acid dragon bites you!
You die...

Skill      XL: |  1  2  3  4  5  6  7  8  9 |
---------------+----------------------------+-----
Axes           | 4 5 6 7 9 |  9.2
Fighting       | 4 5 6 7 |  7.8
Maces & Flails | 3 4 |  4.3
Ranged Weapons | 2 3 4 5 6 8 |  8.0
Evocations     | 1 2 4 5 |  5.7
Armour         | |  2.4
Dodging        | |  2.1

Action                   |  1- 3 |  4- 6 |  7- 9 || total
-------------------------+-------+-------+-------++-------
Melee: Hand axe          |    55 |       |       ||    55
       Headbutt          |    14 |     8 |    27 ||    49
       Dire flail        |    32 |    54 |       ||    86
       Broad axe         |       |     1 |   134 ||   135
       Punch             |       |       |     2 ||     2
 Fire: Sling             |    18 |    24 |       ||    42
       Longbow           |       |    28 |    77 ||   105
       Arbalest          |       |       |    30 ||    30
Throw: Dart              |       |       |     1 ||     1
       Stone             |       |       |     1 ||     1
Invok: Berserk           |     2 |     1 |     1 ||     4
       Trog's Hand       |     1 |       |     2 ||     3
Evoke: Wand              |       |     1 |     2 ||     3
  Use: Scroll            |       |     5 |       ||     5
 Stab: Sleeping          |     1 |       |       ||     1
Armor: Animal skin       |     7 |     2 |       ||     9
       Chain mail        |       |    11 |   172 ||   183
Dodge: Dodged            |    51 |    51 |   113 ||   215

Levels and vault maps discovered:
D:1:      minmay_arrival_checkered_box, layout_loops_cross
D:2:      layout_basic, minmay_misc_feat_enclosed, chequers_serial_rivers_marsh,
          nrook_loot_triangle, interstate_on_off,
          nicolae_concentric_dashed_squares_mild, minmay_rat_gold_closets,
          uniq_sigmund
D:3:      layout_basic, lemuel_crystal_altar, serial_undead, serial_undead_e,
          serial_undead_a, serial_undead_f, serial_undead_f, serial_undead_d,
          shapermc_ecumenical_altar_venn
D:4:      layout_basic, kennysheep_mini_moat, dk_vineyard_3,
          dreamdust_wishing_well
D:5:      wad_crossroads, layout_basic, uniq_menkaure
D:6:      layout_cave_pools, temple_statues, serial_demonic, serial_demonic_g,
          serial_demonic_f, serial_demonic_d, serial_demonic_a,
          serial_demonic_c, serial_demonic_b, uniq_eustachio
D:7:      layout_loops_ring
D:8:      layout_basic, lair_entry_dummy, serial_corexii_hall,
          corexii_hall_statues_x, corexii_hall_statues_l, minivault_22,
          minmay_misc_feat_x

Notes
Turn   | Place    | Note
-------+----------+-------------------------------------------
     0 | D:1      | Pooter the Minotaur Berserker began the quest for the Orb.
     0 | D:1      | Reached XP level 1. HP: 19/19 MP: 0/0
     0 | D:1      | magus.rc [v1.11.6]
   198 | D:1      | Reached skill level 4 in Axes
   202 | D:1      | Reached skill level 4 in Fighting
   202 | D:1      | Reached XP level 2. HP: 16/27 MP: 1/1
   770 | D:1      | Reached XP level 3. HP: 33/33 MP: 2/2
  1220 | D:2      | Reached ** piety under Trog
  1521 | D:2      | Reached skill level 1 in Maces & Flails
  1836 | D:2      | Noticed Sigmund
  1846 | D:2      | Killed Sigmund
  1847 | D:2      | Reached skill level 5 in Fighting
  1847 | D:2      | Reached skill level 3 in Maces & Flails
  1847 | D:2      | Reached skill level 2 in Ranged Weapons
  1847 | D:2      | Reached XP level 4. HP: 42/42 MP: 3/3
  1847 | D:2      | Reached XP level 5. HP: 48/48 MP: 4/4
  2379 | D:3      | Reached skill level 3 in Ranged Weapons
  2379 | D:3      | Reached XP level 6. HP: 56/56 MP: 5/5
  2577 | D:3      | magus.rc [v1.11.6]
  2578 | D:3      | Found a shadowy altar of Dithmenos.
  2583 | D:3      | Reached skill level 4 in Maces & Flails
  2669 | D:3      | Found a faded altar of an unknown god.
  3078 | D:4      | Identified the +1 chain mail of Moral Flaws {Dex+2}
  3105 | D:4      | Reached *** piety under Trog
  3437 | D:4      | Found a radiant altar of Vehumet.
  3691 | D:5      | Entered Level 5 of the Dungeon
  3702 | D:5      | Reached skill level 5 in Axes
  3744 | D:5      | Noticed an acid dragon
  3749 | D:5      | Reached skill level 4 in Ranged Weapons
  3749 | D:5      | Reached skill level 1 in Evocations
  3749 | D:5      | Reached XP level 7. HP: 34/61 MP: 6/6
  4359 | D:5      | Reached skill level 2 in Evocations
  4460 | D:5      | Noticed Menkaure
  4465 | D:5      | Killed Menkaure
  4466 | D:5      | Reached skill level 6 in Fighting
  4466 | D:5      | Reached skill level 6 in Axes
  4466 | D:5      | Reached skill level 5 in Ranged Weapons
  4812 | D:5      | Reached XP level 8. HP: 30/70 MP: 7/7
  5185 | D:5      | Reached skill level 3 in Evocations
  5577 | D:6      | Noticed Eustachio
  5597 | D:6      | Killed Eustachio
  5598 | D:6      | Reached skill level 7 in Axes
  5622 | D:6      | Reached skill level 6 in Ranged Weapons
  5824 | D:6      | Reached skill level 4 in Evocations
  5846 | D:6      | Reached skill level 7 in Fighting
  5848 | D:6      | Reached XP level 9. HP: 51/79 MP: 8/8
  6106 | D:6      | Reached skill level 8 in Axes
  6109 | D:6      | Reached **** piety under Trog
  6505 | D:6      | Reached skill level 7 in Ranged Weapons
  6581 | D:6      | Found a staircase to the Ecumenical Temple.
  6676 | D:7      | Reached skill level 5 in Evocations
  7160 | D:7      | Reached skill level 9 in Axes
  7774 | D:8      | Reached skill level 8 in Ranged Weapons
  7782 | D:8      | HP: 7/81 [acid dragon (8)]
  7785 | D:8      | Slain by an acid dragon

Vanquished Creatures
  Sigmund (D:2)
  A shadow (D:6)
  Eustachio (D:6)
  Menkaure (D:5)
  An acid dragon (D:5)
  A water moccasin (D:6)
  A sky beast (D:6)
  3 ice beasts
  2 orc warriors (D:7)
  3 ogres
  A centaur (D:5)
  A kobold brigand (D:5)
  5 bullfrogs
  2 necrophages (D:6)
  3 scorpions (D:5)
  4 howler monkeys
  5 hounds
  2 orc priests (D:6)
  5 jellies
  A centaur skeleton (D:3)
  A gnoll bouda (D:8)
  3 iguanas (D:5)
  4 orc wizards
  A scorpion zombie (D:3)
  2 hound skeletons (D:3)
  7 gnolls
  4 adders
  A shadow imp (D:6)
  3 white imps
  4 ufetubi (D:6)
  3 adder zombies (D:3)
  2 worms
  4 dart slugs
  17 orcs
  6 ball pythons
  11 endoplasms
  3 giant cockroaches
  5 goblins
  9 hobgoblins
  2 quokkas
  3 bats
  3 frilled lizards
  10 kobolds
  13 rats
165 creatures vanquished.

Vanquished Creatures (others)
  A demonic plant (D:6)
  3 withered plants (D:3)
4 creatures vanquished.

Grand Total: 169 creatures vanquished

Table legend: (Time is in decaauts)
 A = Elapsed time spent in this place.
 B = Non-inter-level travel time spent in this place.
 C = Inter-level travel time spent in this place.
 D = Time resting spent in this place.
 E = Time spent auto-exploring this place.
 F = Levels seen in this place.
 G = Mean time per level.
                   A        B        C        D        E       F      G
               +--------+--------+--------+--------+--------+-----+--------+
         Total |   7962 |   7816 |    146 |   1652 |   5144 |   8 |  995.2 |
       Dungeon |   7962 |   7816 |    146 |   1652 |   5144 |   8 |  995.2 |
               +--------+--------+--------+--------+--------+-----+--------+

Top non-repeatable levels by time:
     D:5: 1883 daAuts
     D:1: 1222 daAuts
     D:6: 1172 daAuts
     D:2: 1067 daAuts
     D:7: 766 daAuts
     D:3: 741 daAuts
     D:4: 725 daAuts
     D:8: 382 daAuts

Table legend:
 A = Non-vault XP
 B = Vault XP
 C = Vault XP percentage of total XP
 D = Non-vault monster count
 E = Vault monster count
 F = Vault count percentage of total count
                 A         B        C        D         E       F
            +---------+---------+-------+---------+---------+-------
      Total |    3810 |    1065 |  21.8 |     138 |      27 |  16.4
            +---------+---------+-------+---------+---------+-------
        D:1 |      61 |       0 |   0.0 |      25 |       0 |   0.0
        D:2 |      31 |     230 |  88.1 |      15 |       8 |  34.8
        D:3 |      45 |     127 |  73.8 |      17 |       7 |  29.2
        D:4 |     129 |       0 |   0.0 |      12 |       0 |   0.0
        D:5 |     719 |     456 |  38.8 |      18 |       5 |  21.7
        D:6 |    1429 |     252 |  15.0 |      23 |       7 |  23.3
        D:7 |    1051 |       0 |   0.0 |      19 |       0 |   0.0
        D:8 |     345 |       0 |   0.0 |       9 |       0 |   0.0
            +---------+---------+-------+---------+---------+-------
